 Dungeon Crawl Stone Soup version 0.17.0-26-gececa24 (console) character file.

67 gw the Ruffian (level 4, -1/29 HPs)
             Began as a Gargoyle Monk on Nov 20, 2015.
             Killed from afar by an orc wizard (2 damage)
             ... with a magic dart
             ... on level 3 of the Dungeon.
             The game lasted 00:01:44 (2266 turns).

gw the Ruffian (Gargoyle Monk)                      Turns: 2266, Time: 00:01:44

Health: -1/29      AC:  8    Str: 15    XL:     4   Next: 16%
Magic:  4/4        EV: 11    Int: 10    God:
Gold:   129        SH:  0    Dex: 13    Spells: 0 memorised, 3 levels left

rFire  . . .     SeeInvis .       - Unarmed
rCold  . . .     Clarity  .     g - +0 ring mail
rNeg   + + .     SustAt   .     (no shield)
rPois  ∞         Gourm    .     (no helmet)
rElec  +         Spirit   .     (no cloak)
rCorr  .         Warding  .     (no gloves)
rMut   .         Stasis   .     (no boots)
MR     .....                    (no amulet)
Stlth  +.........               (no ring)
                                c - ring of positive energy

@: slowed, very slow, not resistant to hostile enchantments, very unstealthy
A: negative energy resistance 1, electricity resistance, unbreathing,
petrification resistance, rot immunity, AC +3
a: no special abilities


You were on level 3 of the Dungeon.
You were not hungry.

You visited 1 branch of the dungeon, and saw 3 of its levels.

You collected 129 gold pieces.

Inventory:

Missiles
 e - 126 stones (quivered)
 i - 12 poisoned needles
Armour
 g - a +0 ring mail (worn)
Jewellery
 c - a ring of positive energy (left hand)
Scrolls
 a - 3 scrolls of remove curse
 d - 2 scrolls of identify
Potions
 f - a potion of heal wounds {unknown}
 j - a potion of poison {unknown}
Comestibles
 b - 4 bread rations
 h - 4 fruits


   Skills:
 + Level 3.7 Fighting
 + Level 1.1 Throwing
 + Level 1.6 Armour
 - Level 2.4 Dodging
 - Level 2.1 Stealth
 * Level 4.7 Unarmed Combat


You had 3 spell levels left.
You didn't know any spells.

Dungeon Overview and Level Annotations

Branches:
Dungeon (3/15)

Altars:


Innate Abilities, Weirdness & Mutations

You are resistant to torment.
Your stone body is resilient (AC +3).
You are immune to poison.
You resist negative energy.
You are resistant to electric shocks.
You can survive without breathing.
You are immune to petrification.
You are immune to rotting.


Message History

You feel yourself slow down.
ATTACK MOVE TO (-1,1)
You barely miss the hobgoblin. The hobgoblin barely misses you.
The orc wizard mumbles some strange words.
The orc wizard seems to speed up.
The orc wizard hits you but does no damage.
The hobgoblin hits you.
The orc wizard points at you and mumbles some strange words.
The puff of flame misses you.
ATTACK MOVE TO (-1,1)
You barely miss the hobgoblin. The orc wizard hits you with a dagger.
The orc wizard barely misses you. The hobgoblin hits you.
The orc wizard casts a spell at you. The puff of frost misses you.
ATTACK MOVE TO (-1,1)
You hit the hobgoblin.
The hobgoblin is severely wounded.
The orc wizard points at you and mumbles some strange words.
The magic dart hits you!
You die...

#.
#.#######
#. #.# #.
#.#
#.####.#
#..#(..#
#...###
#..##
#..# #9##


#goo# #..ob.# #.....# #...<.. ##>..#.. ##.##... ### .... You could see an orc
priest, 2 orc wizards, a hobgoblin and a bat.

Table legend:
 A = Turns spent in this place as a percentage of turns spent in the entire game.
 B = Non-inter-level travel turns spent in this place as a percentage of non-inter-level travel turns spent in the entire game.
 C = Inter-level travel turns spent in this place as a percentage of turns spent in this place.
 D = Turns resting spent in this place as a percentage of non-inter-level travel turns spent in this place.
 E = Turns spent auto-exploring this place as a percentage of non-inter-level travel turns spent in this place.
 F = Non-inter-level travel turns spent in this place divided by the number of levels of this place that you've seen.
                   A       B       C       D       E      F
               +-------+-------+-------+-------+-------+----------------------
         Total | 100.0 | 100.0 |   0.3 |   0.5 |   2.1 | 1350.0
       Dungeon | 100.0 | 100.0 |   0.3 |   0.5 |   2.1 | 1350.0
               +-------+-------+-------+-------+-------+----------------------

Table legend:
 A = Kills in this place as a percentage of kills in entire the game.
 B = Kills by you in this place as a percentage of kills by you in the entire game.
 C = Kills by friends in this place as a percentage of kills by friends in the entire game.
 D = Other kills in this place as a percentage of other kills in the entire game.
 E = Experience gained in this place as a percentage of experience gained in the entire game.
 F = Experience gained in this place divided by the number of levels of this place that you have seen.
                   A       B       C       D       E      F
               +-------+-------+-------+-------+-------+----------------------
         Total | 100.0 | 100.0 |  -nan |  -nan | 100.0 |  32.0
       Dungeon | 100.0 | 100.0 |  -nan |  -nan | 100.0 |  32.0
               +-------+-------+-------+-------+-------+----------------------

Vanquished Creatures
  An adder (D:2)
  A giant gecko (D:1)
  2 orcs (D:3)
  3 giant cockroaches
  6 hobgoblins
  9 kobolds
  A ball python (D:2)
  11 bats
  5 giant newts
  8 goblins
  9 rats
56 creatures vanquished.

Notes
Turn   | Place    | Note
--------------------------------------------------------------
     0 | D:1      | gw the Gargoyle Monk began the quest for the Orb.
     0 | D:1      | Reached XP level 1. HP: 14/14 MP: 1/1
   284 | D:1      | Reached XP level 2. HP: 19/19 MP: 2/2
   739 | D:1      | Reached XP level 3. HP: 23/23 MP: 3/3
   768 | D:1      | Reached skill level 1 in Armour
  1642 | D:2      | Reached skill level 1 in Throwing
  2062 | D:3      | Reached XP level 4. HP: 28/28 MP: 4/4
  2265 | D:3      | HP: 1/29 [hobgoblin (2)]
  2266 | D:3      | Killed from afar by an orc wizard

Action                   |  1- 3 |  4- 6 || total
-------------------------+-------+-------++-------
Melee: Unarmed           |   150 |    24 ||   174
Throw: Stone             |    72 |    16 ||    88
  Use: Scroll            |     4 |       ||     4
       Potion            |     3 |       ||     3
 Stab: Sleeping          |     4 |       ||     4
  Eat: Chunk             |     4 |       ||     4

Vault maps used:
D:1:      roderic_octagonal_star
D:3:      marbit_many_paths
